[Event "NOR-ch Clubs 2017"]
[Site "Kristiansund"]
[Date "2017.10.21"]
[Round "3"]
[White "Kyrkjebo, Eirik"]
[Black "Svensen, Tarjei"]
[Result "0-1"]
[ECO "C00"]
[WhiteElo "1657"]
[BlackElo "2057"]
[Annotator "NA"]
[PlyCount "80"]
[EventDate "2017.??.??"]
[EventType "team-tourn"]
[EventCountry "NOR"]
[SourceTitle "playchess.com"]
[Source "ChessBase"]
[SourceQuality "1"]
[TimeControl "40/5400:1800"]

1. e4 e6 2. d3 d5 3. Nd2 c5 4. Ngf3 Nc6 5. e5 Qc7 6. Qe2 Nge7 7. b3 $17 Ng6 8. c4 Be7 9. Nb1 d4 10. g3 Ncxe5 11. Nxe5 Qxe5 12. Qxe5 Nxe5 13. Bf4 Nc6 14. Bg2 Bd7 15. O-O g5 16. Bc1 O-O-O 17. f4 f5 18. fxg5 Nb4 19. Na3 Nxd3 20. Bf4 e5 21. Rad1 exf4 22. Rxd3 fxg3 23. Rxg3 Bd6 24. Rd3 Rdg8 25. h4 h6 26. Nb5 Bb8 27. b4 a6 28. Na3 hxg5 29. hxg5 Rxg5 30. b5 Rhg8 31. Rd2 axb5 32. cxb5 Be6 33. Rc2 b6 34. Kh1 Bd5 35. Rff2 Be4 36. Rcd2 Rh8+ 37. Kg1 Bg3 38. Rfe2 Bf4 39. Rb2 Be3+ 40. Kf1 Rh1+ 0-1

[Event "NOR-ch Clubs 2017"]
[Site "Kristiansund"]
[Date "2017.10.21"]
[Round "3"]
[White "Forfang, Asmund"]
[Black "Holmen, Ove Reidar"]
[Result "1/2-1/2"]
[ECO "A15"]
[WhiteElo "1648"]
[BlackElo "1853"]
[Annotator "NA"]
[PlyCount "65"]
[EventDate "2017.??.??"]
[EventType "team-tourn"]
[EventCountry "NOR"]
[SourceTitle "playchess.com"]
[Source "ChessBase"]
[SourceQuality "1"]
[TimeControl "40/5400:1800"]

1. c4 Nf6 2. Nf3 g6 3. e3 Bg7 4. Be2 O-O 5. O-O d6 6. Nc3 Nbd7 7. Qc2 $11 c6 8. d4 e5 9. Rb1 exd4 10. exd4 d5 11. c5 Re8 12. Bf4 Ne4 13. Bd3 Ndf6 14. Be5 Bf5 15. Ne2 Nh5 16. Bxg7 Nxg7 17. Ng3 Nxg3 18. hxg3 Bxd3 19. Qxd3 f6 20. b4 a6 21. Rfe1 Qd7 22. Rxe8+ Rxe8 23. Re1 Kf7 24. Rxe8 Qxe8 25. Kf1 Nf5 26. Nd2 h5 27. a4 Qd7 28. Nb3 Ng7 29. Qf3 Ne6 30. Qe3 Kg7 31. Qf3 Ng5 32. Qf4 Ne6 33. Qb8 1/2-1/2

[Event "NOR-ch Clubs 2017"]
[Site "Kristiansund"]
[Date "2017.10.21"]
[Round "3"]
[White "Skog, Jan Erik"]
[Black "Dahl, Torbjorn"]
[Result "0-1"]
[ECO "A04"]
[WhiteElo "1624"]
[BlackElo "1974"]
[Annotator "NA"]
[PlyCount "48"]
[EventDate "2017.??.??"]
[EventType "team-tourn"]
[EventCountry "NOR"]
[SourceTitle "playchess.com"]
[Source "ChessBase"]
[SourceQuality "1"]
[TimeControl "40/5400:1800"]

1. Nf3 e6 2. d4 Nf6 3. g3 d5 4. Bg2 Be7 5. Bg5 O-O 6. O-O {[%emt 0:00:09] LiveBook: 4 Partien} c6 7. Nbd2 a5 8. c4 $11 h6 9. Bf4 dxc4 10. Bxb8 Rxb8 11. Nxc4 Nd7 12. e3 c5 13. d5 Nb6 14. d6 Nxc4 15. dxe7 Qxe7 16. Qb3 b5 17. Rfd1 a4 18. Qc3 Ba6 19. Bf1 Qb7 20. b3 b4 21. Qc1 Qxf3 22. Bxc4 Bb7 23. Kf1 Qh1+ 24. Ke2 Bf3+ 0-1

[Event "NOR-ch Clubs 2017"]
[Site "Kristiansund"]
[Date "2017.10.21"]
[Round "4"]
[White "Elseth, Roar"]
[Black "Lillelokken, Kjell A"]
[Result "1/2-1/2"]
[ECO "A06"]
[WhiteElo "2322"]
[BlackElo "2128"]
[Annotator "ChessBase"]
[PlyCount "143"]
[EventDate "2017.??.??"]
[EventType "team-tourn"]
[EventCountry "NOR"]
[SourceTitle "playchess.com"]
[Source "ChessBase"]
[SourceQuality "1"]
[TimeControl "40/5400:1800"]

1. Nf3 d5 2. d4 e6 3. c4 c6 4. Qc2 f5 5. g3 Nf6 6. Bg2 Bd6 7. O-O O-O 8. b3 Qe7 9. Bb2 Bd7 10. Nbd2 Be8 11. Ne5 Nbd7 12. e3 Bh5 13. Ndf3 Bxf3 14. Nxf3 Ne4 15. Rad1 Rad8 16. Ne1 g5 17. Nd3 g4 18. Nf4 Ndf6 19. Qe2 Ng5 20. Nd3 Qg7 21. f4 Nge4 22. Nf2 Nxf2 23. Qxf2 h5 24. Bc3 Qe7 25. c5 Bc7 26. Qe2 h4 27. gxh4 Kf7 28. Be1 Rh8 29. b4 Nd7 30. Bg3 Nf8 31. Kf2 Ng6 32. Ke1 Nxh4 33. Bh1 Ng6 34. Qc2 b5 35. Ke2 a5 36. a4 Rb8 37. bxa5 b4 38. Rb1 Bxa5 39. Qd3 Qa7 40. Rb3 Rb7 41. Rfb1 Rhb8 42. Kf2 Nf8 43. h3 gxh3 44. Bf3 Bd8 45. Ra1 Ke8 46. Bh5+ Kd7 47. Qf1 Kc8 48. Be8 Rh7 49. Bxc6 h2 50. Qh1 Qg7 51. Rbb1 Kc7 52. Bb5 Nd7 53. Bxd7 Kxd7 54. Qf3 b3 55. Rh1 Bh4 56. a5 Rbh8 57. a6 Kc6 58. a7 Kb7 59. Bxh4 Rxh4 60. Qe2 Ka8 61. Qa6 Rxf4+ 62. exf4 Qxd4+ 63. Ke2 Qe4+ 64. Kd2 Qxf4+ 65. Ke2 Qe4+ 66. Kd2 Qd4+ 67. Ke2 Qe4+ 68. Kd2 Qf4+ 69. Ke2 Qg4+ 70. Kd2 Qd4+ 71. Ke2 Qxc5 72. Ke1 1/2-1/2

[Event "NOR-ch Clubs 2017"]
[Site "Kristiansund"]
[Date "2017.10.21"]
[Round "4"]
[White "Nordquelle, Daniel"]
[Black "Schouten, Mathias Lind"]
[Result "1-0"]
[ECO "C50"]
[WhiteElo "2196"]
[BlackElo "1750"]
[Annotator "NA"]
[PlyCount "69"]
[EventDate "2017.??.??"]
[EventType "team-tourn"]
[EventCountry "NOR"]
[SourceTitle "playchess.com"]
[Source "ChessBase"]
[SourceQuality "1"]
[TimeControl "40/5400:1800"]

1. e4 e5 2. Nf3 Nc6 3. Bc4 Nf6 4. d3 Bc5 5. O-O O-O 6. Nbd2 {[%emt 0:01:00] C50: Italienische Partie} (6. a4 a5 7. c3 d5 8. exd5 Nxd5 9. Nbd2 Nb6 10. Bb5 Bd6 11. Ne4 Bg4 12. h3 Bh5 13. Ng3 Bg6 {0-1 (39) Anand,V (2783)-Aronian,L (2799) Saint Louis 2017}) 6... Re8 7. Re1 Bf8 8. c3 d6 $146 ({Vorgänger:} 8... d5 9. Bb3 dxe4 10. dxe4 Bg4 11. h3 Bh5 12. Nf1 Nd7 13. Ng3 Bg6 14. Qe2 {½-½ (62) Misko,J-Pomorska,K Poland 1996}) 9. Bb3 Be6 10. Bc2 Ne7 11. d4 Ng6 12. Nf1 c6 13. Ne3 Qc7 14. d5 cxd5 15. exd5 Bg4 16. h3 Bxf3 17. Qxf3 Nf4 18. Kh2 Qc5 19. Rd1 b5 20. g3 Ng6 21. Ng4 Nxg4+ 22. hxg4 b4 23. Be3 Qa5 24. c4 Qc7 25. b3 a5 26. Be4 a4 27. Kg2 axb3 28. axb3 Ra5 $18 (28... Rxa1 29. Rxa1 Qc8) 29. g5 Nh8 30. Bxh7+ Kxh7 31. Qh5+ Kg8 32. Rh1 f6 33. Rxa5 Qxa5 34. Qxe8 Qa2 35. Qe6+ 1-0

[Event "NOR-ch Clubs 2017"]
[Site "Kristiansund"]
[Date "2017.10.21"]
[Round "4"]
[White "Lobersli, Henrik Oie"]
[Black "Olsen, Thorstein"]
[Result "1-0"]
[ECO "A45"]
[WhiteElo "2047"]
[BlackElo "1838"]
[Annotator "NA RC"]
[PlyCount "71"]
[EventDate "2017.??.??"]
[EventType "team-tourn"]
[EventCountry "NOR"]
[SourceTitle "playchess.com"]
[Source "ChessBase"]
[SourceQuality "1"]
[TimeControl "40/5400:1800"]

1. d4 Nf6 2. Bg5 e6 3. e4 Be7 4. e5 Nd5 5. Bxe7 Qxe7 6. c4 Nb6 {[%emt 0:04:00] A45: Trompowsky Attack} (6... Qb4+ 7. Nd2 Ne7 8. Qc1 d6 9. Ngf3 dxe5 10. a3 Qb6 11. dxe5 Nd7 12. Qc3 a5 13. Bd3 a4 14. O-O Qa5 15. Qd4 Nc6 16. Qg4 g6 17. Rfe1 Ndxe5 18. Nxe5 {½-½ (18) Bjazevic,P (2509)-Livie,G (2339) ICCF email 2010}) 7. Nc3 O-O 8. Nf3 d6 9. exd6 cxd6 10. Bd3 Nc6 11. O-O f5 $146 ({Predecessor:} 11... Nb4 12. Re1 Nxd3 13. Qxd3 Bd7 14. b4 {0-1 (61) Pojer,H (2045)-Almer,G (2092) Austria 2013}) 12. Re1 Nb4 13. Bf1 Bd7 14. a3 Na6 15. b4 Rac8 16. c5 Qf6 17. Qb3 dxc5 18. bxc5 Nxc5 19. dxc5 Rxc5 20. Nb5 Nd5 21. Nbd4 b6 22. Rad1 Rc3 23. Qa2 Rfc8 (23... Rcc8 $142 24. Ne5 Ba4) 24. Ne5 Ba4 25. Rd2 Rc1 26. Rxc1 Rxc1 27. Qb2 Rxf1+ 28. Kxf1 Qxe5 29. Qc1 Bd7 30. Kg1 Kf7 31. Nf3 Qf6 32. Rd1 $11 Ke7 33. Nd4 e5 34. Nxf5+ Qxf5 35. Rxd5 Qe6 36. Qg5+ 1-0

[Event "NOR-ch Clubs 2017"]
[Site "Kristiansund"]
[Date "2017.10.21"]
[Round "4"]
[White "Simensen, Vegard"]
[Black "Satre, Stig"]
[Result "1/2-1/2"]
[ECO "D45"]
[WhiteElo "1969"]
[BlackElo "1768"]
[Annotator "NA RC"]
[PlyCount "60"]
[EventDate "2017.??.??"]
[EventType "team-tourn"]
[EventCountry "NOR"]
[SourceTitle "playchess.com"]
[Source "ChessBase"]
[SourceQuality "1"]
[TimeControl "40/5400:1800"]

1. d4 c6 2. Nf3 d5 3. c4 Nf6 4. Nc3 e6 5. e3 Be7 6. Qc2 O-O 7. Bd3 Nbd7 8. O-O b6 9. e4 dxe4 10. Nxe4 Bb7 11. Rd1 Rc8 12. Nxf6+ Nxf6 13. c5 Re8 14. b4 b5 15. a4 a6 16. Bf4 g6 17. Be5 Nd5 18. Qd2 Bf8 19. a5 f6 20. Bg3 Kf7 21. h4 Bg7 22. Rab1 Ne7 23. Re1 Nf5 24. Bxf5 exf5 25. Bd6 Qd7 26. Qa2+ Re6 27. Re2 Rce8 28. Rbe1 Bc8 29. Re3 Bh6 30. R3e2 Kg7 1/2-1/2

[Event "NOR-ch Clubs 2017"]
[Site "Kristiansund"]
[Date "2017.10.21"]
[Round "4"]
[White "Storeide, Erling"]
[Black "Nyland, Thomas"]
[Result "1/2-1/2"]
[ECO "B27"]
[WhiteElo "1840"]
[BlackElo "2152"]
[Annotator "ChessBase"]
[PlyCount "132"]
[EventDate "2017.??.??"]
[EventType "team-tourn"]
[EventCountry "NOR"]
[SourceTitle "playchess.com"]
[Source "ChessBase"]
[SourceQuality "1"]
[TimeControl "40/5400:1800"]

1. e4 c5 2. Nf3 g6 3. c3 d5 4. exd5 Qxd5 5. d4 Bg7 6. Be3 cxd4 7. cxd4 Nf6 8. Nc3 Qa5 9. Be2 O-O 10. O-O Nc6 11. a3 Nd5 12. Nxd5 Qxd5 13. b4 Rd8 14. Rc1 Nxd4 15. Nxd4 Bxd4 16. Bf3 Qe5 17. Bxd4 Rxd4 18. Qe1 Qd6 19. Qe2 Bf5 20. Rfe1 e6 21. Bxb7 Rd8 22. h3 Qb6 23. Bc6 Rd3 24. g4 Rd2 25. Qe3 Qxe3 26. Rxe3 Bd3 27. Rc3 Rd1+ 28. Kg2 Rd6 29. Bf3 Rd2 30. a4 a6 31. Be4 Bxe4+ 32. Rxe4 Rb2 33. Rc8+ Kg7 34. Rb8 Rdd2 35. Rf4 e5 36. Rf3 e4 37. Rf4 e3 38. Rb7 Rxf2+ 39. Rxf2 Rxf2+ 40. Kg3 Ra2 41. a5 Rb2 42. g5 Rb1 43. Kf3 Rb3 44. h4 Kf8 45. Ke2 Kg7 46. Kf3 Rc3 47. Rb6 Rc4 48. Rxa6 Rxb4 49. Ra8 Re4 50. Ke2 Rxh4 51. a6 Ra4 52. a7 Ra3 53. Kf3 h6 54. gxh6+ Kh7 55. Ke2 f5 56. Kf3 g5 57. Rf8 Rxa7 58. Rxf5 Kg6 59. Re5 Rf7+ 60. Kg3 Kxh6 61. Rxe3 Kh5 62. Re8 Kg6 63. Kg4 Rf4+ 64. Kg3 Rd4 65. Rg8+ Kf6 66. Rf8+ Kg7 1/2-1/2

[Event "NOR-ch Clubs 2017"]
[Site "Kristiansund"]
[Date "2017.10.21"]
[Round "4"]
[White "Storeide, Helge"]
[Black "Darnell, Anton"]
[Result "1/2-1/2"]
[ECO "E00"]
[WhiteElo "1722"]
[BlackElo "2078"]
[Annotator "NA RC"]
[PlyCount "85"]
[EventDate "2017.??.??"]
[EventType "team-tourn"]
[EventCountry "NOR"]
[SourceTitle "playchess.com"]
[Source "ChessBase"]
[SourceQuality "1"]
[TimeControl "40/5400:1800"]

1. d4 Nf6 2. c4 e6 3. a3 b6 4. Nc3 Bb7 5. Bg5 d5 6. cxd5 exd5 7. e3 Be7 8. Bd3 O-O 9. Nf3 Nbd7 10. O-O c5 11. Rc1 Rc8 {[%emt 0:00:40] E12: Queen's Indian: Unusual White 4th moves, 4 a3, 4 Nc3 Bb7 5 a3 and 4 Nc3 Bb7} (11... c4 12. Bb1 a6 13. Ne5 b5 14. Qf3 Re8 15. Qh3 Nf8 16. f4 Ne4 17. Nxe4 dxe4 18. Bxe7 Qxe7 19. f5 {0-1 (57) Indjic,A (2547)-Morozevich,A (2683) Kazan 2016}) 12. Bf5 g6 13. Bh3 cxd4 $146 ({Predecessor:} 13... Ne4 14. Bh6 Re8 15. Nxe4 dxe4 16. dxc5 exf3 17. Bxd7 fxg2 18. Re1 Bf3 19. Qa4 bxc5 20. Bxe8 Qxe8 {1-0 (28) Chen,P (2289)-Ratsma,M (2131) Groningen 2015}) 14. exd4 Ne4 15. Bxe7 Qxe7 16. Re1 f5 17. Qb3 Qf7 18. g3 Rfe8 19. Bg2 Kg7 20. Qd1 h6 21. Bf1 a6 22. Nh4 g5 23. Ng2 b5 24. f3 Nxc3 25. Rxc3 Rxc3 26. bxc3 Nb6 27. Rxe8 Qxe8 28. Qe2 Qxe2 29. Bxe2 Na4 30. Ne3 Nxc3 31. Nxf5+ Kf6 32. Bd3 h5 33. Kg2 Bc8 34. Ne3 a5 35. Kf2 b4 36. axb4 axb4 37. Bc2 Be6 38. Nd1 Bf5 39. Bb3 Nxd1+ 40. Bxd1 Bd3 41. Ke3 Bc4 42. Kd2 $11 h4 43. Kc2 {[%emt 0:02:11] Ke5} 1/2-1/2

[Event "NOR-ch Clubs 2017"]
[Site "Kristiansund"]
[Date "2017.10.21"]
[Round "4"]
[White "Vestjord, Harald Christian"]
[Black "Sjoberg, Isak"]
[Result "0-1"]
[ECO "A70"]
[WhiteElo "1693"]
[BlackElo "2067"]
[Annotator "NA"]
[PlyCount "46"]
[EventDate "2017.??.??"]
[EventType "team-tourn"]
[EventCountry "NOR"]
[SourceTitle "playchess.com"]
[Source "ChessBase"]
[SourceQuality "1"]
[TimeControl "40/5400:1800"]

1. d4 Nf6 2. c4 c5 3. d5 e6 4. Nc3 exd5 5. cxd5 d6 6. e4 g6 7. Nf3 Bg7 8. Bd3 O-O 9. O-O a6 10. a4 Bg4 11. h3 Bxf3 12. Qxf3 Nbd7 13. a5 Re8 14. Re1 Nh5 15. g4 Ne5 16. Qe2 Qh4 17. Kg2 f5 18. gxh5 f4 19. Bxf4 Qxf4 20. Qe3 Nxd3 21. Qxd3 Re5 22. Re3 Rf8 23. Rf3 Rg5+ 0-1

[Event "NOR-ch Clubs 2017"]
[Site "Kristiansund"]
[Date "2017.10.22"]
[Round "5"]
[White "Elseth, Roar"]
[Black "Bentsen, Hakon"]
[Result "1-0"]
[ECO "E06"]
[WhiteElo "2322"]
[BlackElo "2071"]
[Annotator "NA"]
[PlyCount "91"]
[EventDate "2017.??.??"]
[EventType "team-tourn"]
[EventCountry "NOR"]
[SourceTitle "playchess.com"]
[Source "ChessBase"]
[SourceQuality "1"]
[TimeControl "40/5400:1800"]

1. Nf3 Nf6 2. c4 e6 3. g3 d5 4. d4 Be7 5. Bg2 O-O 6. O-O dxc4 7. Qa4 a6 8. Qxc4 b5 9. Qc2 Bb7 10. Bf4 {[%emt 0:05:38] LiveBook: 502 Games} Nc6 11. a3 {[%emt 0:17:39] E05: Open Catalan: 5 Nf3 Be7} (11. Nc3 Nb4 12. Qc1 Qc8 13. a3 Nbd5 14. Nxd5 Nxd5 15. Bg5 f6 16. Bd2 c5 17. Ba5 f5 18. dxc5 Qxc5 19. Qxc5 Bxc5 20. Ng5 {1-0 (50) Short,N (2670)-Hou,Y (2649) Hoogeveen 2016}) 11... Nxd4 12. Nxd4 Bxg2 13. Nxe6 fxe6 14. Kxg2 Nd5 $146 ({Predecessor:} 14... Qd5+ 15. f3 c5 16. Nc3 Qc6 17. e4 Rac8 18. Rfd1 c4 {1-0 (35) Kauch,M (2241)-Fuhrmann,D (2286) Germany 2004}) 15. Bd2 c5 16. Nc3 Nxc3 17. Bxc3 Bf6 18. Rad1 Qc7 19. Qe4 Rae8 20. Bxf6 Rxf6 21. Rd2 c4 22. f3 Rd8 {[%emt 0:10:20] [#]} (22... e5 $142) 23. Rfd1 $1 Rxd2 24. Rxd2 a5 25. Qa8+ Rf8 26. Qa6 Qe5 27. Qxa5 Qe3 28. Qc3 Qxc3 29. bxc3 Ra8 30. Ra2 Kf7 31. Kf2 e5 32. Ke3 Ke6 33. Ke4 g5 34. e3 Ra7 35. h4 gxh4 36. gxh4 Ra8 37. h5 h6 38. f4 exf4 39. exf4 $14 Kd6 40. Rg2 Kc5 41. f5 Rxa3 42. f6 Kd6 43. Rf2 Ra8 44. Kf5 b4 45. cxb4 c3 46. Re2 1-0

[Event "NOR-ch Clubs 2017"]
[Site "Kristiansund"]
[Date "2017.10.22"]
[Round "5"]
[White "Tryggestad, Andreas Garberg"]
[Black "Dahl, Trygve"]
[Result "1-0"]
[ECO "B07"]
[WhiteElo "2250"]
[BlackElo "2193"]
[Annotator "NA"]
[PlyCount "75"]
[EventDate "2017.??.??"]
[EventType "team-tourn"]
[EventCountry "NOR"]
[SourceTitle "playchess.com"]
[Source "ChessBase"]
[SourceQuality "1"]
[TimeControl "40/5400:1800"]

1. e4 d6 2. d4 Nf6 3. Nc3 g6 4. f3 c6 {[%emt 0:00:44] LiveBook: 314 Games} 5. h4 {[%emt 0:00:14] B07: Pirc Defence: Miscellaneous Systems} (5. Be3 b5 6. Qd2 Nbd7 7. O-O-O b4 8. Nce2 Qa5 9. Kb1 Ba6 10. Nc1 Bxf1 11. Rxf1 Nb6 12. Qd3 Bg7 13. Nb3 Qb5 14. Qxb5 cxb5 15. Na5 {0-1 (74) Triapishko,O (2508)-Mamedyarov,S (2791) Sochi 2017}) 5... h5 6. Be3 b5 7. Qd2 a6 8. a4 $146 ({Predecessor:} 8. O-O-O Bg7 9. Kb1 Qc7 10. Bd3 e5 11. dxe5 dxe5 12. Nh3 Bxh3 13. Rxh3 Nbd7 14. Rhh1 Bf8 {1-0 (30) Berg,E (2539)-Andreasson,I (2335) Lidkoping 2013}) 8... b4 $1 9. Nce2 a5 10. Nf4 Ba6 11. Bxa6 Nxa6 12. Ngh3 Nd7 13. Ng5 e5 14. Ne2 Bg7 (14... Qe7 $11 {keeps the balance.}) 15. c3 Nb6 16. Qd3 d5 17. dxe5 Bxe5 18. Bd4 Nd7 19. f4 Nac5 20. Bxc5 Nxc5 21. Qe3 Bd6 22. exd5+ Be7 23. cxb4 axb4 24. dxc6 O-O 25. O-O Nxa4 26. Rac1 Nxb2 27. c7 Qd7 {[%emt 0:01:01] [#]} 28. Qb3 $16 (28. f5 $1 $18 {[%mdl 512] and the rest is easy.}) 28... Bf6 29. f5 gxf5 (29... Nd3 {was necessary.}) 30. Qg3 Kh8 31. Qf3 Kg7 32. Ng3 Qd4+ 33. Rf2 Kg8 34. Nxf5 Qe5 35. Qxh5 Bxg5 36. Qxg5+ Kh7 37. Qh5+ Kg8 38. Nh6+ 1-0

[Event "NOR-ch Clubs 2017"]
[Site "Kristiansund"]
[Date "2017.10.22"]
[Round "5"]
[White "David, Edwin"]
[Black "Haug, Johannes"]
[Result "1-0"]
[ECO "E46"]
[WhiteElo "2211"]
[BlackElo "2379"]
[Annotator "NA"]
[PlyCount "99"]
[EventDate "2017.??.??"]
[EventType "team-tourn"]
[EventCountry "NOR"]
[SourceTitle "playchess.com"]
[Source "ChessBase"]
[SourceQuality "1"]
[TimeControl "40/5400:1800"]

1. d4 Nf6 2. c4 e6 3. Nc3 Bb4 4. e3 O-O 5. Nge2 c6 {[%emt 0:00:28] E46: Nimzo-Indian: Rubinstein: 4 e3 0-0 5 Ne2 without early Bd3} (5... d5 6. a3 Be7 7. cxd5 exd5 8. Nf4 c6 9. Bd3 Na6 10. O-O Nc7 11. Qc2 Bd6 12. f3 Re8 13. Nce2 Qe7 14. Ng3 c5 15. Qf2 b6 16. Bd2 g6 17. dxc5 bxc5 {0-1 (28) Nakamura,H (2787)-Carlsen,M (2853) chess.com INT 2016}) 6. a3 Ba5 7. Qc2 {[%emt 0:15:02] LiveBook: 41 Games} d5 8. Ng3 Bc7 9. cxd5 $146 ({Predecessor:} 9. Be2 e5 10. dxe5 Bxe5 11. O-O Qe7 12. Bd2 Rd8 13. Rad1 dxc4 14. Bxc4 {0-1 (40) Zelesco,K (2256)-Ly,M (2463) Melbourne 2014}) 9... exd5 10. Bd3 Re8 11. Nce2 Nbd7 12. f3 Qe7 13. b4 a5 14. Rb1 Nf8 15. O-O h5 16. b5 Bd7 17. bxc6 bxc6 18. Rb7 Bc8 19. Rb1 Ba6 20. Bxa6 Rxa6 21. a4 Qd7 22. Bd2 g6 23. Rfc1 Ne6 24. h4 Qe7 25. Qd3 Rea8 26. Be1 Nd7 27. Nf1 Ng7 28. Rb7 Nf6 29. Bg3 Nge8 30. Qc3 Qd8 31. Bxc7 Nxc7 32. Nf4 Nfe8 33. Qe1 Nd6 34. Rbb1 $11 Nf5 35. g3 Ne8 36. Nd3 Ned6 37. Ne5 Qe8 38. Rc3 f6 39. Nd3 Nc4 40. Nc5 R6a7 41. g4 hxg4 42. fxg4 Nfd6 43. Qf2 Rf7 44. Ng3 f5 45. gxf5 Nxf5 46. Nxf5 Rxf5 47. Qg3 Qf7 48. e4 Rf4 49. Ne6 Rxe4 50. Rb8+ 1-0

[Event "NOR-ch Clubs 2017"]
[Site "Kristiansund"]
[Date "2017.10.22"]
[Round "5"]
[White "Moen, Ole Christian"]
[Black "Unhjem, Bjorn Robert Lovoll"]
[Result "1/2-1/2"]
[ECO "B24"]
[WhiteElo "2174"]
[BlackElo "1726"]
[Annotator "NA"]
[PlyCount "115"]
[EventDate "2017.??.??"]
[EventType "team-tourn"]
[EventCountry "NOR"]
[SourceTitle "playchess.com"]
[Source "ChessBase"]
[SourceQuality "1"]
[TimeControl "40/5400:1800"]

1. e4 c5 2. Nc3 Nc6 3. Nf3 g6 4. Bb5 Bg7 5. O-O d6 6. h3 {[%emt 0:00:10] B31: Sicilian: 2...Nc6 3 Bb5 g6} (6. Re1 Bd7 7. a4 Rc8 8. d3 Nf6 9. Nd5 O-O 10. Bg5 a6 11. Bxf6 exf6 12. Bc4 f5 13. c3 fxe4 14. dxe4 {1-0 (29) Carlsen,M (2832)-Giri,A (2771) Stavanger 2017}) 6... e6 7. Bxc6+ bxc6 8. e5 $146 ({Predecessor:} 8. Re1 Ne7 9. Ne2 Rb8 10. c3 O-O 11. Qa4 {1-0 (39) Bimbatti Dorante,G (2010)-Cano Sevila,I (1850) Mataro 2016}) 8... dxe5 9. Re1 Qc7 10. Qe2 Ne7 11. Ne4 (11. d3 $11) 11... Nf5 (11... f5 $17 12. Nxc5 e4) 12. c3 O-O 13. d3 h6 14. Nxc5 Rd8 15. Nxe5 Rd5 16. Nxg6 Rxc5 17. d4 Rd5 18. Nf4 Rd8 19. Nh5 Qe7 20. Qf3 Rd5 21. Re4 Nh4 22. Qg4 Ng6 23. c4 e5 24. Qd1 Rxd4 25. Rxd4 exd4 26. Nxg7 Kxg7 27. Qxd4+ Qe5 $17 28. Be3 Qxd4 29. Bxd4+ f6 30. Re1 Kf7 31. Re3 Be6 32. Rf3 f5 33. Rb3 Rd8 34. Rb7+ Rd7 35. Rxd7+ Bxd7 36. Bxa7 Ne5 37. b3 Ke6 38. Be3 h5 39. Kf1 Ng6 40. f4 Bc8 41. g3 Kd6 42. Ke2 c5 43. a3 Ba6 44. Kd3 Nf8 45. b4 cxb4 46. axb4 Ne6 47. Kc3 Bb7 48. Kb3 Bg2 49. h4 Nc7 50. Bc5+ Kd7 51. Bd4 Ne8 52. Be5 Nd6 53. Bxd6 Kxd6 54. Kc3 Bf3 55. Kd4 Bb7 56. b5 Bf3 57. c5+ Ke6 58. Kc4 1/2-1/2

[Event "NOR-ch Clubs 2017"]
[Site "Kristiansund"]
[Date "2017.10.22"]
[Round "5"]
[White "Lundeby, Oyvind Andersen"]
[Black "Nordquelle, Daniel"]
[Result "1/2-1/2"]
[ECO "A00"]
[WhiteElo "2155"]
[BlackElo "2196"]
[Annotator "NA"]
[PlyCount "114"]
[EventDate "2017.??.??"]
[EventType "team-tourn"]
[EventCountry "NOR"]
[SourceTitle "playchess.com"]
[Source "ChessBase"]
[SourceQuality "1"]
[TimeControl "40/5400:1800"]

1. e3 Nf6 2. Nf3 g6 3. d4 Bg7 4. c4 c5 5. dxc5 Na6 6. Nc3 Nxc5 7. Be2 O-O 8. O-O b6 9. Nd4 {[%emt 0:06:10] LiveBook: 30 Games} Bb7 {[%emt 0:01:14] E61: Königsindisch (Abweichungen der Hauptvariante)} 10. b3 Qc7 $146 ({Vorgänger:} 10... d5 11. cxd5 Nxd5 12. Bb2 Nxc3 13. Bxc3 Ne4 14. Bb2 e5 15. Nf3 Qe7 16. Rc1 Rfd8 17. Qc2 {0-1 (31) Lechtynsky,J (2365)-Stocek,J (2540) Ostrava 2014}) 11. Bb2 Rfd8 12. Rc1 Rac8 13. Qc2 Qb8 14. Qb1 Nfe4 15. Rfd1 f5 16. Nxe4 Bxe4 17. Qa1 f4 18. f3 Bb7 19. e4 Qe5 20. Bc3 Qg5 21. Nb5 Bxc3 22. Nxc3 d6 23. Nd5 Nd7 24. a4 e6 25. Nc3 Qc5+ 26. Kf1 Ne5 $14 27. Nb5 Nc6 28. Nd4 Kf7 29. Nxc6 Bxc6 30. Qd4 Rd7 31. Rd2 Rcd8 32. Rcd1 a6 33. Rd3 g5 34. R1d2 h5 35. h3 Qxd4 36. Rxd4 Kf6 37. Ke1 Ke5 38. Kd1 Rb8 39. Kc2 Rbb7 40. Kc3 b5 41. cxb5 axb5 42. a5 Rdc7 43. Kb4 d5 44. exd5 Bxd5 45. R4d3 Kd6 46. Ra2 Rc4+ 47. Ka3 b4+ 48. Kb2 Rc8 49. Rd2 Ra7 50. Ra4 Rb8 51. a6 Kc5 52. Rc2+ Kd4 53. Bc4 Ke3 54. Re2+ Kd4 55. Rd2+ Ke3 56. Re2+ Kd4 57. Rd2+ Ke3 1/2-1/2

[Event "NOR-ch Clubs 2017"]
[Site "Kristiansund"]
[Date "2017.10.22"]
[Round "5"]
[White "Nyland, Thomas"]
[Black "Hestholm, Sverre"]
[Result "1-0"]
[ECO "C42"]
[WhiteElo "2152"]
[BlackElo "1654"]
[Annotator "NA"]
[PlyCount "123"]
[EventDate "2017.??.??"]
[EventType "team-tourn"]
[EventCountry "NOR"]
[SourceTitle "playchess.com"]
[Source "ChessBase"]
[SourceQuality "1"]
[TimeControl "40/5400:1800"]

1. e4 e5 2. Nf3 Nf6 3. Nxe5 d6 4. Nf3 Nxe4 5. Nc3 Nxc3 6. dxc3 Be7 7. Bd3 Nc6 8. Be3 {[%emt 0:00:58] C42: Petroff Defence: 3 Nxe5 and unusual White 3rd moves} Be6 {[%emt 0:00:07] LiveBook: 4 Games} (8... Bf6 9. Qe2 O-O 10. O-O-O Re8 11. Kb1 Rb8 12. h4 h6 13. Rdg1 Bg4 14. Qd2 b5 15. Nd4 {½-½ (112) Yu,Y (2734)-Wang,Y (2730) Danzhou 2016}) 9. Nd4 Nxd4 10. cxd4 d5 11. O-O Qd7 12. b3 Bf6 $146 ({Predecessor:} 12... O-O 13. f4 Bf5 14. Qd2 Bf6 15. h3 Rfe8 {½-½ (39) Dujic,M (1766)-Mravic,F (1777) Rijeka 2010}) 13. a4 Bf5 14. Bf4 Bxd3 15. Qxd3 O-O 16. Be5 Bxe5 17. dxe5 f6 18. f4 fxe5 19. fxe5 c6 20. c4 d4 21. Qe4 Rad8 22. e6 Rfe8 23. Rae1 Qd6 24. Rf2 $2 (24. e7 $18 Rb8 25. b4) 24... d3 25. Rd2 $11 Qd4+ 26. Qxd4 Rxd4 27. Re3 Kf8 28. Rf3+ Kg8 29. Rfxd3 Rxd3 30. Rxd3 Rxe6 31. Rd7 b5 32. axb5 cxb5 33. cxb5 Rb6 34. Rd5 Rb7 35. Kf2 Kf7 36. Ke3 Ke6 37. Kd4 Rf7 38. Kc4 Rf2 39. Rg5 Kf6 40. Rg3 Re2 41. Kc5 Re6 42. Rf3+ Ke7 43. b4 Re5+ 44. Kc6 Re6+ 45. Kb7 Rb6+ 46. Kxa7 Rxb5 47. Rb3 Kd8 48. Ka6 Rg5 49. Rg3 Rh5 50. Rxg7 Rxh2 51. b5 Rh1 52. b6 Ra1+ 53. Kb5 Rb1+ 54. Kc6 Rc1+ 55. Kb7 Rc2 56. Rxh7 Rxg2 57. Rh4 Rb2 58. Rd4+ Ke7 59. Kc7 Rc2+ 60. Kb8 Rb2 61. b7 Rb1 62. Kc7 1-0